Unix NetHack Version 5.0.0-0 post-release - last build Jun 10 2026 00:39:30 (3ee93aec679c4c4259841fe613dc97188e26a321,branch:main).

Game began 2026-06-11 17:44:17, ended 2026-06-11 18:27:45.

KraJa, neutral female human Tourist

                                          --+-----------
                                          |.....(......|
                                          |....[.......|
                                    q)####.`....`....>.-
                                   +@     |............|##
                                          |.............#
                                          --------------##

KraJa the Sightseer         St:9 Dx:13 Co:18 In:10 Wi:8 Ch:16  Neutral
Dlvl:6  $:134 HP:0(45) Pw:20(20) AC:9  Xp:5/244 T:4966 

Latest messages:
 You find a hidden door.
 The yellow light flows under the door.
 What do you want to use or apply? [jkopsN or ?*]
 In what direction?
 The yellow light explodes!
 You are blinded by a blast of light!
 You feel an unseen monster!
 It bites!
 You stop searching.
 You miss it.
 You miss it.
 You hit it.
 You kill it!
 You try to feel what is lying here on the ground.
 You feel here a gecko corpse.
 There is a gecko corpse here; eat it? [ynq] (n)
 This gecko corpse tastes okay.
 You finish eating the gecko corpse.
 You can see again.
 You stop searching.
 Pick a monster, object or location.
 You miss the rothe.
 You miss the rothe.
 The rothe hits!
 The rothe bites!
 The rothe bites again!
 You miss the rothe.
 The rothe hits!
 The rothe bites!
 The rothe bites again!
 What do you want to use or apply? [jkopsN or ?*]
 In what direction?
 The rothe is blinded by the flash!
 The rothe turns to flee.
 The rothe hits!
 The rothe bites!
 The rothe bites again!
 In what direction?
 The dart named @ misses the rothe.
 In what direction?
 The dart named @ hits the rothe.
 The rothe hits!
 The rothe bites!
 The rothe bites again!
 What do you want to use or apply? [jkopsN or ?*]
 In what direction?
 The rothe is illuminated.
 The rothe hits!
 You die...
 Do you want your possessions identified? [ynq] (y)

Inventory:
 Coins    ('$')
  $ - 134 gold pieces
 Weapons  (')')
  b - 26 uncursed +2 darts named @ (at the ready)
  q - an uncursed +0 orcish dagger named @
  a - an uncursed +0 quarterstaff named @ (weapon in hands)
 Armor    ('[')
  H - a blessed +0 orcish helm named @28 (being worn)
  O - an uncursed +0 orcish helm
  S - an uncursed +0 Hawaiian shirt with a jellyfish motif named @
 Comestibles  ('%')
  e - 5 uncursed food rations
  c - an uncursed lembas wafer
  d - 3 uncursed tripe rations
  x - an uncursed tin of deep fried sewer rat meat
  f - 2 uncursed tins of smoked goblin meat
 Scrolls  ('?')
  I - an uncursed scroll of confuse monster
  m - an uncursed scroll of enchant armor
  G - an uncursed scroll of enchant weapon
  r - an uncursed scroll of gold detection
  J - 4 uncursed scrolls of magic mapping
 Potions  ('!')
  M - a blessed potion of confusion
  g - 2 uncursed potions of extra healing
  t - a cursed potion of extra healing
  B - a cursed potion of fruit juice
  n - an uncursed potion of gain ability
  L - a cursed potion of gain energy
  K - a blessed potion of healing
  u - 2 uncursed potions of healing
 Wands    ('/')
  s - an uncursed wand of digging named @ (0:3)
  N - an uncursed wand of secret door detection (0:14)
  o - an uncursed wand of slow monster named @ (0:7)
 Tools    ('(')
  k - an uncursed credit card named @
  j - an uncursed expensive camera (0:65)
  p - an uncursed +0 pick-axe named @
 Gems/Stones  ('*')
  v - 2 uncursed worthless pieces of violet glass

KraJa the Tourist's attributes:

Background:
 You were a Sightseer, a level 5 female human Tourist.
 You were neutral, on a mission for The Lady
 who was opposed by Blind Io (lawful) and Offler (chaotic).
 You were right-handed.
 You were in the Dungeons of Doom, on level 6.
 You entered the dungeon 4966 turns ago.
 You had 244 experience points, 76 more were needed to attain level 6.

Basics:
 You had 0 out of 45 hit points.
 You had all 20 energy points (spell power).
 Your armor class was 9.
 Your wallet contained 134 zorkmids.
 Autopickup was on for all types, with exceptions.

Final Characteristics:
 Your strength was 9 (limit:18/100).
 Your dexterity was 13 (limit:18).
 Your constitution was 18 (limit:18).
 Your intelligence was 10 (limit:18).
 Your wisdom was 8 (limit:18).
 Your charisma was 16 (limit:18).

Final Status:
 You weren't hungry.
 You were unencumbered.
 You were wielding a quarterstaff.
 You were unskilled in quarterstaff.

Final Attributes:
 You were piously aligned.
 You are dead.

Miscellaneous:
 You didn't encounter any bones levels.
 Total elapsed playing time was 33 minutes and 26 seconds.

Major events:
 Turn
    1: KraJa the neutral female human Tourist entered the dungeon
 2047: attained the rank of Sightseer (level 3)
 4966: killed by a rothe

You didn't know any spells.

Skills:
 Fighting Skills
   bare handed combat [Unskilled]
   two weapon combat  [Unskilled]
   riding             [Unskilled]
 Weapon Skills
   dagger             [Unskilled]
   knife              [Unskilled]
   axe                [Unskilled]
   pick-axe           [Unskilled]
   short sword        [Unskilled]
   broadsword         [Unskilled]
   long sword         [Unskilled]
   two-handed sword   [Unskilled]
   saber              [Unskilled]
   mace               [Unskilled]
   morning star       [Unskilled]
   flail              [Unskilled]
   hammer             [Unskilled]
   quarterstaff       [Unskilled]
   polearms           [Unskilled]
   spear              [Unskilled]
   trident            [Unskilled]
   lance              [Unskilled]
   bow                [Unskilled]
   sling              [Unskilled]
   crossbow           [Unskilled]
   dart               [Basic]
   shuriken           [Unskilled]
   boomerang          [Unskilled]
   whip               [Unskilled]
   unicorn horn       [Unskilled]
 Spellcasting Skills
   divination spells  [Unskilled]
   enchantment spells [Unskilled]
   escape spells      [Unskilled]

Voluntary challenges:
 Character rerolling was not enabled.
 You never genocided any monsters.
 You never polymorphed an object.
 You never changed form.
 You used no wishes.
Achievement:
 You attained the rank of Sightseer.

 The Dungeons of Doom: levels 1 to 6
    Level 1:
       A fountain.
    Level 2: "V"
       A fountain.
    Level 3:
       A fountain.
    Level 4:
    Level 5:
       An altar to The Lady.
    Level 6: <- You were here.
       Final resting place for
          you, killed by a rothe.


Vanquished creatures:
  a small mimic
  a rock mole
  a yellow light
  a shrieker
  a gnome leader
  a straw golem
  a giant ant
  a dwarf
  a kobold leader
  2 rothes
  a rabid rat
 an iguana
  3 acid blobs
  a coyote
  a gas spore
  a hobbit
  a hobgoblin
  2 giant rats
  3 cave spiders
  2 yellow molds
  a garter snake
  2 geckos
  8 jackals
  3 foxes
  2 kobolds
  4 goblins
  2 sewer rats
  4 grid bugs
  3 lichens
  3 kobold zombies
 10 newts
69 creatures vanquished.

No species were genocided or became extinct.

Game over:
                       ----------
                      /          \
                     /    REST    \
                    /      IN      \
                   /     PEACE      \
                  /                  \
                  |      KraJa       |
                  |      134 Au      |
                  |   killed by a    |
                  |      rothe       |
                  |                  |
                  |                  |
                  |       2026       |
                 *|     *  *  *      | *
        _________)/\\_//(\/(/\)/\//\/|_)_______

Aloha KraJa the Tourist...

You died in The Dungeons of Doom on dungeon level 6 with 1328 points,
and 134 pieces of gold, after 4966 moves.
You were level 5 with a maximum of 45 hit points when you died.

